 Dungeon Crawl Stone Soup version 0.12.2-14-g7c90c79 (webtiles) character file.

502 Gabry the Shield-Bearer (level 6, 0/53 HPs)
             Began as a Minotaur Fighter on Aug 8, 2013.
             Slain by a wight
             ... wielding a +1,+5 dwarven flail
              (1 damage)
             ... on Level 4 of the Dungeon.
             The game lasted 00:28:12 (2868 turns).

Gabry the Shield-Bearer (Minotaur Fighter)          Turns: 2868, Time: 00:28:12

HP   0/53        AC 10     Str 22      XL: 6   Next: 49%
MP   2/2         EV  5     Int  5      God:
Gold 113         SH 20     Dex 10      Spells:  0 memorised,  5 levels left

Res.Fire  : . . .   See Invis. : .   a - +1 mace
Res.Cold  : . . .   Warding    : .   l - +1 chain mail
Life Prot.: . . .   Conserve   : .   c - +0 shield
Res.Poison: .       Res.Corr.  : .   (helmet restricted)
Res.Elec. : .       Clarity    : .   (no cloak)
Sust.Abil.: . .     Spirit.Shd : .   (no gloves)
Res.Mut.  : .       Stasis     : .   v - +0 pair of dwarf boots
Res.Rott. : .       Ctrl.Telep.: .   (no amulet)
Saprovore : . . .   Flight     : .   (no ring)
                                     m - ring of sustenance

@: slightly resistant to hostile enchantments, extremely unstealthy
A: retaliatory headbutt, horns 2
a: no special abilities


You were on level 4 of the Dungeon.
You were not hungry.

You visited 1 branch of the dungeon, and saw 5 of its levels.

You collected 93 gold pieces.

Inventory:

Hand weapons
 a - a +1,+1 mace (weapon)
 q - a +1,+1 dwarven dagger
 u - a +2,+2 long sword
 E - a +0,+0 dagger of speed (quivered)
Armour
 c - a +0 shield (worn)
 l - a +1 chain mail (worn)
 v - a +0 pair of dwarven boots (worn)
Magical devices
 B - a wand of polymorph (11) {unknown}
Comestibles
 d - 3 bread rations
Scrolls
 e - 6 scrolls of identify
 g - a scroll of fog
 i - a scroll of curse jewellery {unknown}
 j - a scroll of enchant armour
 n - a scroll of teleportation
 x - 3 scrolls of remove curse
 A - 2 scrolls of blinking
 C - a scroll of fear
Jewellery
 h - a cursed amulet of resist mutation
 m - a ring of sustenance (left hand)
Potions
 b - a potion of gain dexterity {unknown}
 f - 2 potions of curing {unknown}
 k - a potion of paralysis {unknown}
 o - a potion of cure mutation {unknown}
 p - a potion of invisibility
 r - a potion of resistance {unknown}
 s - a potion of restore abilities {unknown}
 z - a potion of agility {unknown}
Magical staves
 y - an uncursed staff of channeling {unknown}
Miscellaneous
 t - a plain deck of defence


   Skills:
 + Level 4.7 Fighting
 + Level 4.2 Maces & Flails
 + Level 5.0 Armour
 + Level 3.6 Dodging
 + Level 0.5 Stealth
 + Level 5.5 Shields
 + Level 0.2 Traps


You had 5 spell levels left.
You didn't know any spells.

Dungeon Overview and Level Annotations

Branches:
Dungeon (5/27)
 Temple: D:4-7

Altars:
Nemelex Xobeh
Vehumet

Shops:
D:4: !!*%?


Innate Abilities, Weirdness & Mutations

You reflexively headbutt those who attack you in melee.
You have a pair of horns on your head.


Message History

You sock the wight!
You headbutt the wight, but do no damage.
The wight is heavily damaged.
The wight hits you with a glowing dwarven flail!
* * * LOW HITPOINT WARNING * * *
You hit the wight but do no damage.
The wight is heavily damaged.
You block the wight's attack.
You hit the wight.
The wight is severely damaged.
You block the wight's attack.
You hit the wight. You headbutt the wight.
The wight is almost destroyed.
You block the wight's attack.
You hit the wight but do no damage.
The wight is almost destroyed.
The wight hits you with a glowing dwarven flail!
* * * LOW HITPOINT WARNING * * *
You feel drained.
You die...

#.)................###########
#.).................# #
#...................# #
#...........(.......# #
#...................# #
#...................# ##
#...................# ###.
#...........).......# ##...
#............@......# ##....
#.............z.....# ##.....
#...................# #......
#...................###.#.....
#∩..................##........
#..........(........##..(.....
#.....[.......................
#....................%........
#.............................


You could see a wight.

Vanquished Creatures
  3 wights
  A hound (D:4)
  2 iguanas (D:4)
  2 worker ants (D:4)
  6 adders
  4 gnolls (D:3)
  An adder skeleton (D:4)
  A giant mite (D:1)
  A worm (D:1)
  4 giant geckos
  3 oozes
  7 orcs
  9 bats
  A giant cockroach (D:3)
  5 goblins
  8 hobgoblins
  4 jackals (D:2)
  4 ball pythons
  3 giant newts
  11 kobolds
  A quokka (D:2)
  7 rats
  A rat skeleton (D:4)
89 creatures vanquished.

Notes
Turn   | Place    | Note
--------------------------------------------------------------
     0 | D:1      | Gabry, the Minotaur Fighter, began the quest for the Orb.
     0 | D:1      | Reached XP level 1. HP: 19/19 MP: 0/0
    94 | D:1      | Reached XP level 2. HP: 24/26 MP: 0/0
   167 | D:1      | Reached skill level 4 in Shields
   397 | D:1      | Reached XP level 3. HP: 33/33 MP: 1/1
   438 | D:1      | Found a sparkling altar of Nemelex Xobeh.
   920 | D:2      | Reached skill level 1 in Dodging
  1179 | D:2      | Reached XP level 4. HP: 23/40 MP: 1/1
  1624 | D:3      | Reached XP level 5. HP: 23/46 MP: 1/1
  1892 | D:3      | Reached skill level 5 in Shields
  2112 | D:4      | Found Wyom's Magic Scroll Shop.
  2297 | D:4      | Found a radiant altar of Vehumet.
  2354 | D:4      | Found Kluigae's Food Shoppe.
  2362 | D:4      | Reached XP level 6. HP: 32/53 MP: 2/2
  2377 | D:4      | Found Winanon's Assorted Antiques.
  2401 | D:4      | Found Hobig's Distillery.
  2512 | D:4      | Reached XP level 5. HP: 15/46 MP: 1/1
  2756 | D:4      | Found Mappem's Distillery.
  2783 | D:4      | Reached skill level 5 in Armour
  2783 | D:4      | Reached XP level 6. HP: 48/53 MP: 2/2
  2839 | D:5      | Entered Level 5 of the Dungeon
  2868 | D:4      | HP: 1/53 [wight/glowing dwarven flail (8)]
  2868 | D:4      | Slain by a wight

Action                   |  1- 3 |  4- 6 || total
-------------------------+-------+-------++-------
Melee: Mace              |   105 |   161 ||   266
  Use: Scroll            |    11 |     9 ||    20
